PUB
HOLLYWOOD STARS @ LOUISVILLE REDBIRDS
05/23/1972
 
TOP OF THE 1ST
Hollywood Stars batting - Pitching for Louisville Redbirds : RHP Chris Nichols
Pitching: RHP Chris Nichols
Batting: SHB Tetsuhiko Harada 0-0: Ball
1-0: Called Strike
1-1: Ground out 4-3 (Groundball, 4, EV 95.0 MPH)
Batting: LHB Jimmie Hall 0-0: Fly out, F9 (Line Drive, 89D, EV 88.8 MPH)
Batting: LHB Bob James 0-0: Fly out, F8 (Flyball, 8RD, EV 87.5 MPH)
Top of the 1st over - 0 runs, 0 hits, 0 errors, 0 left on base; Hollywood 0 - Louisville 0
BOTTOM OF THE 1ST
Louisville Redbirds batting - Pitching for Hollywood Stars : RHP Art Mahaffey
Pitching: RHP Art Mahaffey
Batting: RHB Richard Fields 0-0: Called Strike
0-1: Foul Ball, location: 9LMF
0-2: Reached via error on a dropped throw from 1B, E1 (Groundball, 34, EV 84.4 MPH)
Batting: RHB Daniel Ruíz 0-0: Foul Ball, location: 2F
0-1: Swinging Strike
0-2: SINGLE (Groundball, 34D, EV 109.4 MPH)
Richard Fields to second
Runner from 2nd tries for 3rd, SAFE, throw by RF made to third
Batting: LHB Reggie Jackson 0-0: Called Strike
0-1: Ball
1-1: 3-RUN HOME RUN (Flyball, 7D, EV 94.4 MPH), Distance : 349 ft
Batting: RHB Chet Small 0-0: Swinging Strike
0-1: Ball
1-1: Foul Ball, location: 2F
1-2: Foul Ball, location: 3F
1-2: Ground out 6-3 (Groundball, 6MD, EV 105.0 MPH)
Batting: LHB Kerry Thomas 0-0: Foul Ball, location: 2F
0-1: Ball
1-1: SINGLE (Groundball, 4MD, EV 99.4 MPH)
Batting: LHB Richie Hebner 0-0: Called Strike
0-1: Swinging Strike
0-2: Ball
1-2: Foul Ball, location: 2F
1-2: Grounds into double play, 6-4-3 (Groundball, 6, EV 106.3 MPH)
Bottom of the 1st over - 3 runs, 3 hits, 1 error, 0 left on base; Hollywood 0 - Louisville 3
TOP OF THE 2ND
Hollywood Stars batting - Pitching for Louisville Redbirds : RHP Chris Nichols
Batting: RHB Brian Fowler 0-0: Called Strike
0-1: Called Strike
0-2: Ball
1-2: Strikes out swinging
Batting: RHB Anthony Townsend 0-0: Ball
1-0: Ball
2-0: Called Strike
2-1: Swinging Strike
2-2: Strikes out looking
Batting: LHB Eric Davis 0-0: SINGLE (Line Drive, 8RS, EV 108.1 MPH)
Batting: LHB Tim McCarver 0-0: Called Strike
0-1: Foul Ball, location: 3F
0-2: Strikes out swinging
Top of the 2nd over - 0 runs, 1 hit, 0 errors, 1 left on base; Hollywood 0 - Louisville 3
BOTTOM OF THE 2ND
Louisville Redbirds batting - Pitching for Hollywood Stars : RHP Art Mahaffey
Batting: RHB Alan Sims 0-0: Swinging Strike
0-1: Ball
1-1: Ball
2-1: Ball
3-1: Swinging Strike
3-2: Strikes out swinging
Batting: RHB Carlton Fisk 0-0: Called Strike
0-1: Foul Ball, location: 7LSF
0-2: Strikes out swinging
Batting: RHB Chris Nichols 0-0: Called Strike
0-1: Ball
1-1: Foul Ball, location: 9LMF
1-2: Ball
2-2: Foul Ball, location: 25F
2-2: Ball
3-2: Strikes out swinging
Bottom of the 2nd over - 0 runs, 0 hits, 0 errors, 0 left on base; Hollywood 0 - Louisville 3
TOP OF THE 3RD
Hollywood Stars batting - Pitching for Louisville Redbirds : RHP Chris Nichols
Batting: LHB Eugene Williams 0-0: Ball
1-0: Ball
2-0: Foul Ball, location: 5FF
2-1: SINGLE (Groundball, 34D, EV 106.3 MPH)
Batting: RHB Art Mahaffey 0-0: Sac Bunt to 13S - play at first, batter OUT! 1-3
Eugene Williams to second
Batting: SHB Tetsuhiko Harada 0-0: Ball
1-0: Swinging Strike
1-1: Ground out 5-3 (Groundball, 5, EV 89.4 MPH)
Batting: LHB Jimmie Hall 0-0: Foul Ball, location: 25F
0-1: Foul Ball, location: 5FF
0-2: Foul Ball, location: 3F
0-2: Foul Ball, location: 7LSF
0-2: Ground out 1-3 (Groundball, 15S, EV 74.4 MPH)
Top of the 3rd over - 0 runs, 1 hit, 0 errors, 1 left on base; Hollywood 0 - Louisville 3
BOTTOM OF THE 3RD
Louisville Redbirds batting - Pitching for Hollywood Stars : RHP Art Mahaffey
Batting: RHB Richard Fields 0-0: Foul Ball, location: 2F
0-1: Ball
1-1: Fly out, F8 (Flyball, 78M, EV 91.9 MPH)
Batting: RHB Daniel Ruíz 0-0: Swinging Strike
0-1: Ball
1-1: Ball
2-1: Ball
3-1: SINGLE (Flyball, 34D, EV 98.8 MPH)
Batting: LHB Reggie Jackson 0-0: Called Strike
0-1: Foul Ball, location: 23FF
0-2: Ball
1-2: Strikes out swinging
Batting: RHB Chet Small 0-0: Fielders Choice at 2nd, 6-4 (Groundball, 6, EV 85.6 MPH)
Bottom of the 3rd over - 0 runs, 1 hit, 0 errors, 1 left on base; Hollywood 0 - Louisville 3
TOP OF THE 4TH
Hollywood Stars batting - Pitching for Louisville Redbirds : RHP Chris Nichols
Batting: LHB Bob James 0-0: Ball
1-0: Called Strike
1-1: Foul Ball, location: 7LSF
1-2: Foul Ball, location: 3FF
1-2: Ball
2-2: Ball
3-2: Foul Ball, location: 2F
3-2: Strikes out swinging
Batting: RHB Brian Fowler 0-0: Ball
1-0: Fly out, F9 (Flyball, 89M, EV 86.3 MPH)
Batting: RHB Anthony Townsend 0-0: Fly out, F9 (Flyball, 89M, EV 96.3 MPH)
Top of the 4th over - 0 runs, 0 hits, 0 errors, 0 left on base; Hollywood 0 - Louisville 3
BOTTOM OF THE 4TH
Louisville Redbirds batting - Pitching for Hollywood Stars : RHP Art Mahaffey
Batting: LHB Kerry Thomas 0-0: Called Strike
0-1: Ball
1-1: Ground out U3 (Groundball, 3, EV 93.1 MPH)
Batting: LHB Richie Hebner 0-0: Ball
1-0: Ball
2-0: Ball
3-0: Base on Balls
Batting: RHB Alan Sims 0-0: Ball
1-0: Ball
2-0: Fly out, F9 (Flyball, 89S, EV 93.8 MPH)
Batting: RHB Carlton Fisk 0-0: Foul Ball, location: 7LMF
0-1: Ball
1-1: Swinging Strike
1-2: Fly out, F8 (Flyball, 8LM, EV 77.5 MPH)
Bottom of the 4th over - 0 runs, 0 hits, 0 errors, 1 left on base; Hollywood 0 - Louisville 3
TOP OF THE 5TH
Hollywood Stars batting - Pitching for Louisville Redbirds : RHP Chris Nichols
Batting: LHB Eric Davis 0-0: Foul Ball, location: 2F
0-1: Ball
1-1: Foul Ball, location: 25FF
1-2: Foul Ball, location: 7LSF
1-2: Ball
2-2: Ground out 6-3 (Groundball, 6, EV 85.6 MPH)
Batting: LHB Tim McCarver 0-0: Ball
1-0: Foul Ball, location: 5SF
1-1: Ball
2-1: Ground out 4-3 (Groundball, 4, EV 81.3 MPH)
Batting: LHB Eugene Williams 0-0: Foul Ball, location: 3SF
0-1: Swinging Strike
0-2: Ground out 4-3 (Groundball, 4, EV 95.0 MPH)
Top of the 5th over - 0 runs, 0 hits, 0 errors, 0 left on base; Hollywood 0 - Louisville 3
BOTTOM OF THE 5TH
Louisville Redbirds batting - Pitching for Hollywood Stars : RHP Art Mahaffey
Batting: RHB Chris Nichols 0-0: SINGLE (Groundball, 4MD, EV 104.4 MPH)
Batting: RHB Richard Fields 0-0: Ball
1-0: Foul Ball, location: 7LSF
1-1: Ball
2-1: Foul Ball, location: 2F
2-2: Ball
3-2: Strikes out looking
Batting: RHB Daniel Ruíz 0-0: Ball
1-0: Ball
2-0: Ball
3-0: Base on Balls
Chris Nichols to second
Batting: LHB Reggie Jackson 0-0: Ball
1-0: Foul Ball, location: 9LSF
1-1: Called Strike
1-2: Ball
2-2: Foul Ball, location: 25FF
2-2: Strikes out swinging
Batting: RHB Chet Small 0-0: Called Strike
0-1: Ball
1-1: Ball
2-1: Ball
3-1: Fly out, F9 (Flyball, 9, EV 81.3 MPH)
Bottom of the 5th over - 0 runs, 1 hit, 0 errors, 2 left on base; Hollywood 0 - Louisville 3
TOP OF THE 6TH
Hollywood Stars batting - Pitching for Louisville Redbirds : RHP Chris Nichols
Batting: RHB Art Mahaffey 0-0: Called Strike
0-1: Ball
1-1: Ball
2-1: Called Strike
2-2: Ball
3-2: Strikes out swinging
Batting: SHB Tetsuhiko Harada 0-0: Foul Ball, location: 2F
0-1: Foul Ball, location: 5SF
0-2: Ball
1-2: Strikes out swinging, 2-3 out at first.
Batting: LHB Jimmie Hall 0-0: Ball
1-0: Ball
2-0: Foul Ball, location: 9LDF
2-1: Fly out, F9 (Flyball, 9LS, EV 101.9 MPH)
Top of the 6th over - 0 runs, 0 hits, 0 errors, 0 left on base; Hollywood 0 - Louisville 3
BOTTOM OF THE 6TH
Louisville Redbirds batting - Pitching for Hollywood Stars : RHP Art Mahaffey
Batting: LHB Kerry Thomas 0-0: Called Strike
0-1: Ball
1-1: Swinging Strike
1-2: Foul Ball, location: 2F
1-2: Foul Ball, location: 3F
1-2: Fly out, F2 (Popup, 2LF, EV 85.6 MPH)
Batting: LHB Richie Hebner 0-0: Ball
1-0: Ball
2-0: Foul Ball, location: 2F
2-1: Called Strike
2-2: Foul Ball, location: 7LMF
2-2: Ball
3-2: Foul Ball, location: 5F
3-2: Foul Ball, location: 5F
3-2: SINGLE (Line Drive, 78S, EV 99.4 MPH)
Batting: RHB Alan Sims 0-0: Ball
1-0: Called Strike
1-1: Swinging Strike
1-2: Foul Ball, location: 2F
1-2: SINGLE (Line Drive, 3D, EV 95.0 MPH)
Richie Hebner to second
Batting: RHB Carlton Fisk 0-0: Foul Ball, location: 7LSFF
0-1: Ball
1-1: Fly out, F8 (Line Drive, 8LM, EV 102.5 MPH)
Batting: RHB Chris Nichols 0-0: Swinging Strike
0-1: Called Strike
0-2: Ball
1-2: Strikes out swinging
Bottom of the 6th over - 0 runs, 2 hits, 0 errors, 2 left on base; Hollywood 0 - Louisville 3
TOP OF THE 7TH
Hollywood Stars batting - Pitching for Louisville Redbirds : RHP Chris Nichols
Batting: LHB Bob James 0-0: SINGLE (Groundball, 6MD, EV 104.4 MPH)
Batting: RHB Brian Fowler 0-0: Swinging Strike
0-1: SINGLE (Line Drive, 8RS, EV 86.9 MPH)
Bob James to second
Runner from 2nd tries for 3rd, OUT! 8-5
Batting: RHB Anthony Townsend 0-0: Ball
1-0: Foul Ball, location: 2F
1-1: Ball
Brian Fowler steals 2nd base (no throw)
2-1: Swinging Strike
2-2: SINGLE (Flyball, 89S, EV 91.3 MPH)
Brian Fowler to third
Batting: LHB Eric Davis 0-0: Called Strike
0-1: Grounds into double play, 3-6-3 (Groundball, 23, EV 90.6 MPH)
Top of the 7th over - 0 runs, 3 hits, 0 errors, 1 left on base; Hollywood 0 - Louisville 3
BOTTOM OF THE 7TH
Louisville Redbirds batting - Pitching for Hollywood Stars : RHP Art Mahaffey
Batting: RHB Richard Fields 0-0: Ball
1-0: Called Strike
1-1: Foul Ball, location: 9LSF
1-2: Fly out, F8 (Flyball, 89D, EV 93.8 MPH)
Batting: RHB Daniel Ruíz 0-0: Fly out, F8 (Flyball, 8LD, EV 101.3 MPH)
Batting: LHB Reggie Jackson 0-0: Called Strike
0-1: Foul Ball, location: 2F
0-2: Ball
1-2: SINGLE (Line Drive, 8LS, EV 86.9 MPH)
Batting: RHB Chet Small 0-0: Fly out, F9 (Flyball, 9S, EV 86.3 MPH)
Bottom of the 7th over - 0 runs, 1 hit, 0 errors, 1 left on base; Hollywood 0 - Louisville 3
TOP OF THE 8TH
Hollywood Stars batting - Pitching for Louisville Redbirds : RHP Chris Nichols
Batting: LHB Tim McCarver 0-0: Ball
1-0: Ball
2-0: Called Strike
2-1: Fly out, F8 (Flyball, 8RD, EV 111.3 MPH)
Batting: LHB Eugene Williams 0-0: Ball
1-0: Fly out, F9 (Flyball, 9S, EV 97.5 MPH)
Batting: RHB Art Mahaffey 0-0: Ball
1-0: Ball
2-0: Called Strike
2-1: Fly out, F8 (Flyball, 8LD, EV 79.4 MPH)
Top of the 8th over - 0 runs, 0 hits, 0 errors, 0 left on base; Hollywood 0 - Louisville 3
BOTTOM OF THE 8TH
Louisville Redbirds batting - Pitching for Hollywood Stars : RHP Art Mahaffey
Batting: LHB Kerry Thomas 0-0: Ground out 6-3 (Groundball, 6, EV 89.4 MPH)
Batting: LHB Richie Hebner 0-0: Ball
1-0: Foul Ball, location: 2F
1-1: Ball
2-1: Called Strike
2-2: Foul Ball, location: 25FF
2-2: Fly out, F7 (Flyball, 7LS, EV 83.8 MPH)
Batting: RHB Alan Sims 0-0: Ball
1-0: SINGLE (Line Drive, 34, EV 98.8 MPH)
Batting: RHB Carlton Fisk 0-0: Ball
1-0: Fly out, F8 (Flyball, 8LM, EV 95.6 MPH)
Bottom of the 8th over - 0 runs, 1 hit, 0 errors, 1 left on base; Hollywood 0 - Louisville 3
TOP OF THE 9TH
Hollywood Stars batting - Pitching for Louisville Redbirds : RHP Chris Nichols
Batting: SHB Tetsuhiko Harada 0-0: Called Strike
0-1: Ball
1-1: DOUBLE (Line Drive, 9LM, EV 98.8 MPH)
Batting: LHB Jimmie Hall 0-0: Ground out 3-1 (Groundball, 34S, EV 93.1 MPH)
Tetsuhiko Harada to third
Batting: LHB Bob James 0-0: Ball
1-0: Fly out, F8 (Flyball, 8RD, EV 88.1 MPH)
Runner from 3rd tags up, SCORES, no throw by CF
Pitching: RHP Bert Blyleven
Now at C: Pat Coleman
Batting: RHB Brian Fowler 0-0: Ball
1-0: Ground out 4-3 (Groundball, 4S, EV 89.4 MPH)
Top of the 9th over - 1 run, 1 hit, 0 errors, 0 left on base; Hollywood 1 - Louisville 3
Tuesday, March 19th , 2024 - OOTP Baseball 24.8 Build 75